 Dungeon Crawl Stone Soup version 0.29.1-13-g9f3cf754e1 (webtiles) character file.

Game seed: 2324334316680512268

51 Thatpatchoflichen the Trooper (level 3, -3/39 HPs)
             Began as an Ogre Monk on Feb 7, 2023.
             Slain by a gnoll
             ... wielding a +0 spear
              (7 damage)
             ... on level 2 of the Dungeon.
             The game lasted 00:02:54 (2249 turns).

Thatpatchoflichen the Trooper (Ogre Monk)           Turns: 2249, Time: 00:02:55

Health: -3/39      AC:  3    Str: 17    XL:     3   Next: 83%
Magic:  3/3        EV: 10    Int: 11    God:
Gold:   45         SH:  0    Dex: 11    Spells: 2/2 levels left

rFire   . . .      SeeInvis .   a - +0 mace
rCold   . . .      Faith    .   (no shield)
rNeg    . . .      Spirit   .   b - +0 robe
rPois   .          Reflect  .   (helmet restricted)
rElec   .          Harm     .   (no cloak)
rCorr   .          Rampage  .   (gloves unavailable)
Will    .....                   (boots unavailable)
Stlth   ++........              (no amulet)
HPRegen 0.13/turn               (no ring)
MPRegen 0.08/turn               (no ring)

@: no status effects
A: large, unfitting armour, tough skin 1
a: no special abilities


You were on level 2 of the Dungeon.
You visited 1 branch of the dungeon, and saw 3 of its levels.

You collected 45 gold pieces.

Inventory:

Hand Weapons
 a - a +0 mace (weapon)
Missiles
 e - 3 atropa-tipped darts (quivered)
 o - 6 poisoned darts
Armour
 b - a +0 robe (worn)
Scrolls
 d - 2 scrolls of identify {unknown}
 f - a scroll of fear {unknown}
 l - a scroll of brand weapon {unknown}
 m - a scroll of teleportation {unknown}
 n - a scroll of silence {unknown}
 q - a scroll of enchant armour {unknown}
Potions
 c - 2 potions of ambrosia
 g - a potion of resistance
 h - a potion of curing {unknown}
 i - a potion of might {unknown}
 j - a potion of lignification {unknown}
 k - 3 potions of cancellation {unknown}
 p - a potion of heal wounds {unknown}


   Skills:
 + Level 4.0 Fighting
 + Level 4.0 Maces & Flails
 * Level 3.0 Dodging
 - Level 1.4 Stealth


You had 2 spell levels left.
You didn't know any spells.
Your spell library contained the following spells:

 Spells                   Type           Power      Damage    Failure   Level
 Magic Dart               Conj           0%         1d3       34%         1
 Searing Ray              Conj           0%         2d4       47%         2
 Fulminant Prism          Conj/Hex       0%         3d6       98%         4


Dungeon Overview and Level Annotations

Branches:
Dungeon (3/15)

Altars:

Annotations:
D:3 Sigmund


Innate Abilities, Weirdness & Mutations

You are too large for most types of armour.
You have tough skin. (AC +1)


Message History

n - a scroll labelled BYAMYTSIRRI You see here a bat corpse.
You now have 45 gold pieces (gained 9).
A goblin comes into view.
It is wielding a +1 falchion of freezing and quivering poisoned darts.
The goblin shouts!
The goblin barely misses you.
You barely miss the goblin. The goblin barely misses you.
You sock the goblin!
You kill the goblin!
o - 6 poisoned darts;
p - a dark potion;
q - a scroll labelled CIUK YKHLARR
Things that are here:
a +1 falchion of freezing; a goblin corpse 2 gnolls come into view.
The gnoll shouts!
The gnoll shouts!
You hear a shout!
The gnoll drinks a potion.
The gnoll suddenly seems more resistant.
The gnoll hits you with a +0 spear!
You barely miss the gnoll. The gnoll hits you with a +0 spear!
The gnoll closely misses you.
You barely miss the gnoll. The gnoll hits you with a +0 spear!
You hit the gnoll but do no damage. The gnoll closely misses you.
You barely miss the gnoll. The gnoll hits you with a +0 spear.
* * * LOW HITPOINT WARNING * * *
A rat comes into view.
You hit the gnoll. You punch the gnoll, but do no damage.
The gnoll is lightly wounded.
The gnoll hits you with a +0 spear.
* * * LOW HITPOINT WARNING * * *
You completely miss the gnoll.
The gnoll is lightly wounded.
The gnoll completely misses you. The gnoll closely misses you.
You hit the gnoll but do no damage.
The gnoll is lightly wounded.
The gnoll hits you with a +0 spear.
* * * LOW HITPOINT WARNING * * *
You sock the gnoll!
The gnoll is almost dead.
The gnoll hits you with a +0 spear!
You die...

#..#
##.#########.#
.... ...#
##.##
..#####.#
##.#.## ...
##.###.## #.##
##.# ##.###.##
#..#.## #.#.##
#@### #g#
########r#
#..g.....#
#.######## ..
#.# gg #


You could see a gnoll (resistant) and a rat.

Vanquished Creatures
  An adder (D:1)
  A dart slug (D:2)
  2 endoplasms
  A giant cockroach (D:2)
  A hobgoblin (D:1)
  3 jackals (D:1)
  4 kobolds (D:1)
  4 ball pythons
  4 bats
  6 frilled lizards
  8 goblins
  5 rats
40 creatures vanquished.

Notes
Turn   | Place    | Note
-------+----------+-------------------------------------------
     0 | D:1      | Thatpatchoflichen the Ogre Monk began the quest for the
                  | Orb.
     0 | D:1      | Reached XP level 1. HP: 24/24 MP: 1/1
   242 | D:1      | Found a faded altar of an unknown god.
   247 | D:1      | Reached XP level 2. HP: 32/32 MP: 2/2
  1027 | D:1      | Reached XP level 3. HP: 37/39 MP: 3/3
  1489 | D:3      | Noticed Sigmund
  1790 | D:1      | HP: 1/39 [poisoned by an adder]
  2249 | D:2      | Slain by a gnoll

Illustrated notes

Levels and vault maps discovered:
D:1:      pf_arrival_petrified_forest, layout_basic,
          hellmonk_ecumenical_altar_crossroads
D:2:      layout_loops_cross, basic_altar, minmay_domino_4, uniq_natasha
D:3:      cheibrodos_old_hovel, layout_basic, mainiacjoe_overflow_big_doors,
          uniq_sigmund

Skill      XL: |  1  2  3 |
---------------+----------+-----
Maces & Flails | 3 4 |  4.0
Dodging        | 3 |  3.0
Fighting       | |  4.0
Stealth        | |  1.4

Action                   || total
-------------------------++-------
Melee: Mace              ||   135
       Punch             ||     2
 Stab: Sleeping          ||     1
Armor: Robe              ||    65
Dodge: Dodged            ||    79
